 Dungeon Crawl Stone Soup version 0.23.2-40-g277498a001 (webtiles) character file.

Game seed: 11771164598193216031

4953 Hylith the Cleaver (level 10, -4/93 HPs)
             Began as a Ghoul Fighter on Sept 25, 2019.
             Was a Believer of Makhleb.
             Slain by a gnoll
             ... wielding a cursed -3 halberd
              (7 damage)
             ... in a bailey.
             The game lasted 00:21:03 (9463 turns).

Hylith the Cleaver (Ghoul Fighter)                  Turns: 9463, Time: 00:21:03

Health: -4/93      AC: 16    Str: 25 (28) XL:     10   Next: 53%
Magic:  3/3        EV: 13    Int:  2 (3)  God:    Makhleb [**....]
Gold:   517        SH:  5    Dex: 12 (13) Spells: 9/9 levels left

rFire    . . .     SeeInvis .   y - +2 hand axe (antimagic)
rCold    + . .     Gourm    .   n - +0 buckler
rNeg     + + +     Faith    .   A - +0 chain mail
rPois    ∞         Spirit   .   (no helmet)
rElec    .         Reflect  .   B - +1 cloak
rCorr    .         Harm     .   s - +1 pair of gloves
MR       .....                  (no boots)
Stlth    ..........             (no amulet)
HPRegen  0.00/turn              C - +4 ring of strength
MPRegen  0.08/turn              F - +3 ring of protection

@: agile, flying, rotting
A: rotting body, claws 1, carnivore, cold resistance 1, negative energy
resistance 3, inhibited regeneration, torment resistance, unbreathing
a: Minor Destruction, Renounce Religion


You were in a bailey.
You worshipped Makhleb.
Makhleb was pleased with you.
You were hungry.

You visited 1 branch of the dungeon, and saw 8 of its levels.
You also visited: Bailey.

You collected 517 gold pieces.

Inventory:

Hand Weapons
 a - a +0 war axe
 y - a +2 antimagic hand axe (weapon)
 J - a +2 mace of freezing
Missiles
 j - 15 tomahawks (quivered)
 z - a throwing net
Armour
 c - a +0 shield
 n - a +0 buckler (worn)
 s - a +1 pair of gloves (worn)
 A - a +0 chain mail (worn)
 B - a +1 cloak (worn)
Jewellery
 C - a +4 ring of strength (left hand)
 F - a +3 ring of protection (right hand)
Wands
 I - a wand of flame (17)
Scrolls
 b - 2 scrolls of fog {unknown}
 g - 2 scrolls of enchant weapon {unknown}
 k - 2 scrolls of remove curse {unknown}
 l - 6 scrolls of identify {unknown}
 m - a scroll of noise {unknown}
 q - 2 scrolls of immolation {unknown}
 r - 3 scrolls of magic mapping {unknown}
 v - 2 scrolls of amnesia {unknown}
 w - 2 scrolls of teleportation {unknown}
 G - a scroll of fear {unknown}
Potions
 h - a potion of cancellation
 p - 7 potions of curing
 t - 2 potions of flight
 u - a potion of agility
 E - a potion of berserk rage
Comestibles
 f - 9 rations
 x - 11 chunks of flesh


   Skills:
 + Level 9.9 Fighting
 * Level 11.0 Axes
 + Level 3.2 Armour
 + Level 4.1 Shields


You had 9 spell levels left.
You didn't know any spells.
Your spell library contained the following spells:

 Spells                   Type           Power        Failure   Level  Hunger
 Confusing Touch          Hex            #.....       99%         1    ##.....
 Corona                   Hex            #......      99%         1    ##.....
 Ensorcelled Hibernation  Hex/Ice        #.....       100%        2    ###....
 Confuse                  Hex            #.......     100%        3    ####...
 Dazzling Spray           Conj/Hex       #.....       100%        3    ####...
 Gell's Gravitas          Tloc           #.........   100%        3    ####...
 Tukima's Dance           Hex            #.......     100%        3    ####...
 Petrify                  Tmut/Erth      #.......     100%        4    #####..
 Metabolic Englaciation   Hex/Ice        #.........   100%        5    ######.
 Yara's Violent Unravell  Hex/Tmut       #.........   100%        5    ######.


Dungeon Overview and Level Annotations

Branches:
Dungeon (8/15)             Temple (0/1) D:7
   Lair: D:8-11

Altars:
Fedhas
Gozag
Makhleb
Ru
Trog
Xom
The Shining One

Shops:
D:8 !


Innate Abilities, Weirdness & Mutations

Your body is rotting away.
You thrive on raw meat.
You are immune to poison.
You have sharp fingernails.
You are carnivorous and can eat meat at any time.
Your flesh is cold resistant. (rC+)
You are immune to negative energy. (rN+++)
You do not regenerate when monsters are visible.
You are immune to unholy pain and torment.
You can survive without breathing.


Message History

You hit the gnoll sergeant but do no damage.
The gnoll sergeant is almost dead.
The gnoll misses you. The gnoll sergeant closely misses you.
You completely miss the gnoll sergeant.
The gnoll sergeant is almost dead.
You hit the gnoll sergeant but do no damage.
The gnoll sergeant is almost dead.
The gnoll closely misses you.
The gnoll sergeant hits you but does no damage.
You hit the gnoll sergeant but do no damage.
The gnoll sergeant is almost dead.
The gnoll hits you from afar with a cursed -3 halberd.
* * * LOW HITPOINT WARNING * * *
The gnoll sergeant hits you but does no damage.
You completely miss the gnoll sergeant.
The gnoll sergeant is almost dead.
You hit the gnoll sergeant.
The gnoll sergeant is almost dead.
The gnoll hits you from afar with a cursed -3 halberd!
You die...

♣≈ #..$8$..# ♣≈
#...)...# ♣≈
#.....# ♣≈ #.)g# ♣≈
##'## ♣≈ #g..# ♣≈##
#)))# ♣≈(# #.g.#
♣≈@######'''######.
♣≈g)g....).........
♣≈≈...............≈
♣♣≈≈≈≈≈≈≈.).≈≈≈≈≈≈≈
♣♣.....).........♣
♣♣♣...........♣♣♣
♣♣.......♣♣♣♣
♣♣♣♣.∩.♣♣ ♣♣.♣♣


You could see a gnoll sergeant and a gnoll.

Vanquished Creatures
  2 hungry ghosts (D:7)
  Menkaure (D:5)
  Duvessa (D:6)
  A black bear (D:6)
  An ice beast (D:6)
  3 sky beasts
  An ogre (D:6)
  2 phantoms (D:5)
  An eye of draining (D:3)
  4 centaurs
  Blork the orc (D:6)
  4 gnoll sergeants
  5 bullfrogs
  Dowan (D:6)
  6 scorpions
  4 wights (D:8)
  3 killer bees (D:8)
  7 crimson imps
  A quasit (D:6)
  A bullfrog skeleton (D:7)
  2 gnoll shamans (Bailey)
  8 orc priests
  8 hounds
  4 jellies
  2 centaur skeletons
  Crazy Yiuf (D:3)
  8 worker ants
  4 iguanas
  10 orc wizards
  Ijyb (D:3)
  2 hound skeletons (D:6)
  A hound zombie (D:6)
  A howler monkey zombie (D:5)
  9 adders
  18 gnolls
  A shadow imp (D:5)
  2 oozes (D:2)
  An adder zombie (D:8)
  3 worms
  4 dart slugs
  6 leopard geckos
  37 orcs
  A ball python (D:2)
  2 giant cockroaches
  5 goblins
  9 hobgoblins
  4 jackals (D:2)
  9 kobolds
  6 quokkas
  A ball python zombie (D:3)
  13 bats
  5 frilled lizards
  2 leopard gecko skeletons (D:6)
  A leopard gecko zombie (D:6)
  A quokka skeleton (D:5)
  4 rats
246 creatures vanquished.

Notes
Turn   | Place    | Note
-------+----------+-------------------------------------------
     0 | D:1      | Hylith the Ghoul Fighter began the quest for the Orb.
     0 | D:1      | Reached XP level 1. HP: 19/19 MP: 0/0
   123 | D:1      | Reached skill level 2 in Axes
   267 | D:1      | Reached XP level 2. HP: 26/26 MP: 1/1
  1096 | D:2      | Reached XP level 3. HP: 30/30 MP: 2/2
  1120 | D:2      | Found a blossoming altar of Fedhas.
  1276 | D:2      | Reached XP level 4. HP: 36/40 MP: 3/3
  1409 | D:2      | Reached skill level 3 in Axes
  1954 | D:3      | Reached XP level 5. HP: 46/46 MP: 4/4
  2086 | D:3      | Reached XP level 6. HP: 21/51 MP: 5/5
  2219 | D:3      | Reached skill level 4 in Axes
  2497 | D:3      | Noticed Ijyb
  2505 | D:3      | Killed Ijyb
  3010 | D:3      | Found a bloodstained altar of Trog.
  3010 | D:3      | Noticed an eye of draining
  3020 | D:3      | Killed an eye of draining
  3044 | D:3      | Reached skill level 5 in Fighting
  3145 | D:2      | Reached XP level 7. HP: 17/61 MP: 2/6
  3763 | D:3      | Found a runed translucent door.
  3764 | D:3      | Noticed Crazy Yiuf
  3775 | D:3      | Killed Crazy Yiuf
  3775 | D:3      | Reached skill level 5 in Axes
  4862 | D:5      | Entered Level 5 of the Dungeon
  4946 | D:4      | Reached skill level 6 in Axes
  5205 | D:5      | Reached XP level 8. HP: 64/70 MP: 2/7
  5431 | D:5      | Found a sacrificial altar of Ru.
  5480 | D:5      | Reached skill level 7 in Axes
  5528 | D:5      | Found a shimmering altar of Xom.
  5550 | D:5      | Found a glowing golden altar of the Shining One.
  5866 | D:6      | Noticed Menkaure
  5889 | D:5      | Killed Menkaure
  6293 | D:6      | Reached skill level 8 in Axes
  6293 | D:6      | Reached XP level 9. HP: 76/79 MP: 2/8
  6325 | D:6      | Noticed Dowan
  6326 | D:6      | Noticed Duvessa
  6330 | D:6      | Killed Dowan
  6343 | D:6      | Killed Duvessa
  6719 | D:6      | Reached skill level 9 in Axes
  6726 | D:6      | Noticed Blork the orc
  6736 | D:6      | Killed Blork the orc
  7404 | D:6      | Found a burning altar of Makhleb.
  7543 | D:6      | Became a worshipper of Makhleb the Destroyer
  7801 | D:7      | Reached skill level 10 in Axes
  7837 | D:7      | Reached XP level 10. HP: 72/90 MP: 3/9
  8040 | D:7      | Found a staircase to the Ecumenical Temple.
  8456 | D:8      | Reached * piety under Makhleb
  8740 | D:8      | Found an opulent altar of Gozag.
  8858 | D:8      | Found Reblacua's Distillery.
  9056 | D:8      | Found a flagged portal.
  9069 | Bailey   | Entered a bailey
  9306 | Bailey   | Reached skill level 11 in Axes
  9326 | Bailey   | Reached ** piety under Makhleb
  9461 | Bailey   | HP: 3/93 [gnoll/cursed -3 halberd (3)]
  9463 | Bailey   | Slain by a gnoll

Skill      XL: |  1  2  3  4  5  6  7  8  9 10 |
---------------+-------------------------------+-----
Axes           | 2 3 4 6 8 10 11 | 11.0
Armour         | 3 |  3.2
Shields        | 3 4 |  4.1
Fighting       | 4 5 6 7 9 |  9.9

Action                   |  1- 3 |  4- 6 |  7- 9 | 10-12 || total
-------------------------+-------+-------+-------+-------++-------
Melee: War axe           |    71 |   177 |       |       ||   248
       Hand axe          |       |    18 |   555 |   236 ||   809
Throw: Tomahawk          |       |       |     1 |     3 ||     4
       Throwing net      |       |       |       |     2 ||     2
Evoke: Wand              |       |     3 |     9 |     5 ||    17
  Use: Potion            |       |       |     1 |     9 ||    10
 Stab: Held in net/web   |       |       |       |     1 ||     1
  Eat: Chunk             |     2 |     6 |    19 |     2 ||    29
Armor: Scale mail        |    43 |   129 |     3 |       ||   175
       Chain mail        |       |       |   276 |   149 ||   425
Dodge: Dodged            |    19 |   135 |   141 |   118 ||   413
Block: Shield            |    30 |       |       |       ||    30
       Buckler           |     7 |    46 |    80 |    52 ||   185
